 Dungeon Crawl Stone Soup version 0.19.5 (webtiles) character file.

80 tyranidshit the Skirmisher (level 4, -3/39 HPs)
             Began as a Demonspawn Abyssal Knight on Mar 13, 2017.
             Was a Follower of Lugonu.
             Slain by a sky beast (5 damage)
             ... on level 3 of the Dungeon.
             The game lasted 00:03:34 (1119 turns).

tyranidshit the Skirmisher (DsAK)                   Turns: 1119, Time: 00:03:35

Health: -3/39      AC:  5    Str: 13    XL:     4   Next: 18%
Magic:  5/5        EV: 10    Int: 14    God:    Lugonu [*.....]
Gold:   103        SH:  4    Dex: 12    Spells: 0 memorised, 3 levels left

rFire  . . .     SeeInvis .     a - +2 hand axe
rCold  . . .     Gourm    .     m - +0 ring mail
rNeg   . . .     Faith    .     (no shield)
rPois  +         Spirit   .     (helmet restricted)
rElec  .         Reflect  +     (no cloak)
rCorr  .         Harm     .     (no gloves)
MR     .....                    (no boots)
Stlth  ++........               e - +4 amulet of reflection
                                (no ring)
                                n - ring of poison resistance

@: no status effects
A: antennae 1, nightstalker 1
a: Depart the Abyss, Renounce Religion


You were on level 3 of the Dungeon.
You worshipped Lugonu.
Lugonu was aware of your devotion.
You were not hungry.

You visited 1 branch of the dungeon, and saw 3 of its levels.
You visited the Abyss 1 time.

You collected 103 gold pieces.

Inventory:

Hand Weapons
 a - a +2 hand axe (weapon)
Armour
 b - a +1 leather armour
 m - a +0 ring mail (worn)
Jewellery
 e - a +4 amulet of reflection (around neck)
 h - an uncursed amulet of faith
 n - a ring of poison resistance (left hand)
Scrolls
 d - a scroll of remove curse
 i - 2 scrolls of fear {unknown}
Comestibles
 c - 2 bread rations
 f - a slice of pizza
 g - 3 meat rations
 l - a fruit


   Skills:
 + Level 5.1 Fighting
 - Level 1.7 Axes
 - Level 1.7 Armour
 - Level 0.8 Dodging
 - Level 2.4 Invocations


You had 3 spell levels left.
You didn't know any spells.

Dungeon Overview and Level Annotations

Branches:
Dungeon (3/15)

Altars:
Zin
The Shining One


Innate Abilities, Weirdness & Mutations

You have a pair of small antennae on your head.
You are slightly more attuned to the shadows.


Message History

The sky beast barely misses you.
You closely miss the sky beast.
The sky beast is severely wounded.
The sky beast flickers out of sight!
Deactivating autopickup; reactivate with Ctrl-A.
Something hits you. Something shocks you.
* * * LOW HITPOINT WARNING * * *
Something hits you but does no damage.
You feel better. Something hits you but does no damage.
You closely miss something. Something hits you. Something shocks you.
* * * LOW HITPOINT WARNING * * *
You closely miss something. Something hits you.
* * * LOW HITPOINT WARNING * * *
Something shocks you.
* * * LOW HITPOINT WARNING * * *
You miss something. Something hits you but does no damage.
You closely miss something. Something hits you.
* * * LOW HITPOINT WARNING * * *
Something shocks you.
You die...

#........<...†)....
#..........<.......
#..................
#..................
#.......###########
#.......# {
#####...#
######...#
#....@...#
#...{†...#
#........#
#........#
#........#
######...# ...#


There were no monsters in sight!

Vanquished Creatures
  2 adders (D:2)
  4 oozes (D:1)
  2 dart slugs
  2 leopard geckos
  6 giant cockroaches (D:1)
  2 goblins
  4 hobgoblins
  2 jackals (D:1)
  3 kobolds
  2 bats (D:2)
  A frilled lizard (D:1)
  10 rats
40 creatures vanquished.

Notes
Turn   | Place    | Note
-------+----------+-------------------------------------------
     0 | Abyss:1  | tyranidshit the Demonspawn Abyssal Knight began the quest for the Orb.
     0 | Abyss:1  | Reached XP level 1. HP: 18/18 MP: 2/2
   133 | Abyss:2  | Noticed a large abomination
   134 | Abyss:2  | Noticed a tentacled starspawn
   136 | D:1      | Escaped the Abyss
   167 | D:1      | Gained mutation: You are slightly more attuned to the shadows. [demonic ancestry]
   167 | D:1      | Reached XP level 2. HP: 18/24 MP: 3/3
   287 | D:1      | Found a glowing silver altar of Zin.
   479 | D:1      | Found a runed door.
   490 | D:1      | Reached skill level 4 in Fighting
   498 | D:1      | Gained mutation: You have a pair of small antennae on your head. [demonic ancestry]
   498 | D:1      | Reached XP level 3. HP: 26/30 MP: 4/4
   619 | D:2      | Reached * piety under Lugonu
   896 | D:2      | Found a glowing golden altar of the Shining One.
  1002 | D:2      | Reached skill level 5 in Fighting
  1002 | D:2      | Reached XP level 4. HP: 39/39 MP: 5/5
  1101 | D:3      | Noticed a sky beast
  1119 | D:3      | Slain by a sky beast

Skill      XL: |  1  2  3 |
---------------+----------+-----
Fighting       | 4 5 |  5.1
Axes           | |  1.7
Armour         | |  1.7
Dodging        | |  0.8
Invocations    | |  2.4

Action                   |  1- 3 |  4- 6 || total
-------------------------+-------+-------++-------
Melee: Hand axe          |    91 |    20 ||   111
Invok: Depart the Abyss  |     1 |       ||     1
  Use: Scroll            |     9 |       ||     9
       Potion            |     1 |     1 ||     2
 Stab: Sleeping          |       |     1 ||     1
  Eat: Bread ration      |       |     1 ||     1
Armor: Leather armour    |    22 |       ||    22
       Ring mail         |    10 |     8 ||    18
Dodge: Dodged            |    49 |     6 ||    55
Block: Other             |    27 |     2 ||    29
